TOP OF THE 1ST |
Tacoma Fur Traders batting - Pitching for Casper Ghosts : LHP Kenzaburo Hakui
|
Pitching: LHP Kenzaburo Hakui
|
|
Batting: LHB Sam Bickerton
|
0-0: Ball 1-0: Called Strike 1-1: Ball 2-1: Swinging Strike 2-2: Foul Ball, location: 2F 2-2: Strikes out swinging
|
Batting: RHB Félix Olvera
|
0-0: Ball 1-0: Called Strike 1-1: Ball 2-1: Ball 3-1: Called Strike 3-2: Foul Ball, location: 2F 3-2: Strikes out looking
|
Batting: LHB Cho-yun Yip
|
0-0: Foul Ball, location: 2F 0-1: SINGLE (Groundball, 4MD, EV 99.4 MPH)
|
Batting: RHB Axel Chicote
|
0-0: Ball 1-0: Ball 2-0: Foul Ball, location: 2F 2-1: Ball 3-1: SINGLE (Line Drive, 7LS, EV 95.6 MPH) Cho-yun Yip to second
|
Batting: RHB Terry Boyle
|
0-0: Ball 1-0: Called Strike 1-1: Called Strike 1-2: 3-RUN HOME RUN (Flyball, 7LD, EV 103.1 MPH), Distance : 342 ft
|
Batting: RHB Eduardo Sainz
|
0-0: Ball 1-0: Ball 2-0: Foul Ball, location: 2F 2-1: Swinging Strike 2-2: Ball 3-2: Foul Ball, location: 2F 3-2: Foul Ball, location: 2F 3-2: SOLO HOME RUN (Flyball, 7D, EV 95.0 MPH), Distance : 383 ft
|
Batting: RHB Mack Bray
|
0-0: Ball 1-0: Ball 2-0: Called Strike 2-1: Fly out, F9 (Flyball, 9LMF, EV 89.4 MPH)
|
Top of the 1st over - 4 runs, 4 hits, 0 errors, 0 left on base; Tacoma 4 - Casper 0 |
BOTTOM OF THE 1ST |
Casper Ghosts batting - Pitching for Tacoma Fur Traders : LHP Pedro Montáñez
|
Pitching: LHP Pedro Montáñez
|
|
Batting: RHB Thinley Tshering
|
0-0: Ball 1-0: Called Strike 1-1: Ball 2-1: SINGLE (Groundball, 5S, EV 61.9 MPH) (infield hit)
|
Batting: RHB Joe Havermeyer
|
0-0: Ball 1-0: Ball 2-0: Foul Ball, location: 2F 2-1: Ball 3-1: Foul Ball, location: 2F 3-2: Foul Ball, location: 2F 3-2: Fielders Choice at 2nd, 4-6 (Groundball, 4, EV 86.9 MPH)
|
Batting: RHB Izaak Gerkis
|
0-0: Ball Joe Havermeyer steals 2nd base 1-0: Ball 2-0: Fly out, F7 (Flyball, 7LS, EV 81.2 MPH)
|
Batting: RHB Ramiro Castillo
|
0-0: Ball 1-0: Fly out, F8 (Flyball, 8LM, EV 94.4 MPH)
|
Bottom of the 1st over - 0 runs, 1 hit, 0 errors, 1 left on base; Tacoma 4 - Casper 0 |
TOP OF THE 2ND |
Tacoma Fur Traders batting - Pitching for Casper Ghosts : LHP Kenzaburo Hakui
|
Batting: LHB Hori Ikenaki
|
0-0: Called Strike 0-1: Called Strike 0-2: Strikes out looking
|
Batting: RHB Ramón García
|
0-0: SOLO HOME RUN (Flyball, 9D, EV 93.8 MPH), Distance : 377 ft
|
Batting: LHB Sam Bickerton
|
0-0: Ball 1-0: Fly out, F8 (Flyball, 78D, EV 91.2 MPH)
|
Batting: RHB Félix Olvera
|
0-0: Called Strike 0-1: Fly out, F8 (Flyball, 8RM, EV 93.8 MPH)
|
Top of the 2nd over - 1 run, 1 hit, 0 errors, 0 left on base; Tacoma 5 - Casper 0 |
BOTTOM OF THE 2ND |
Casper Ghosts batting - Pitching for Tacoma Fur Traders : LHP Pedro Montáñez
|
Batting: RHB Thom Scribbner
|
0-0: Foul Ball, location: 2F 0-1: SINGLE (Groundball, 6MD, EV 99.4 MPH)
|
Batting: RHB Ryung Jae-Wook
|
0-0: Ball 1-0: Fly out, F8 (Flyball, 8RM, EV 83.8 MPH)
|
Batting: RHB Bogdan Lissenberg
|
0-0: Called Strike 0-1: Foul Ball, location: 2F 0-2: Foul Ball, location: 2F 0-2: Ball 1-2: 2-RUN HOME RUN (Line Drive, 78XD, EV 106.2 MPH), Distance : 419 ft
|
Batting: LHB Qi-zhen Shen
|
0-0: Called Strike 0-1: Foul Ball, location: 2F 0-2: Ball 1-2: Foul Ball, location: 2F 1-2: Strikes out swinging
|
Batting: RHB Teok-kyu Pak
|
0-0: Foul Ball, location: 2F 0-1: Ground out 3-1 (Groundball, 34, EV 77.5 MPH)
|
Bottom of the 2nd over - 2 runs, 2 hits, 0 errors, 0 left on base; Tacoma 5 - Casper 2 |
TOP OF THE 3RD |
Tacoma Fur Traders batting - Pitching for Casper Ghosts : LHP Kenzaburo Hakui
|
Batting: LHB Cho-yun Yip
|
0-0: Ball 1-0: Foul Ball, location: 2F 1-1: Called Strike 1-2: Ball 2-2: Foul Ball, location: 2F 2-2: DOUBLE (Line Drive, 8LXD, EV 103.1 MPH)
|
Batting: RHB Axel Chicote
|
0-0: Ball 1-0: Called Strike 1-1: Swinging Strike 1-2: Ground out 6-3 (Groundball, 6, EV 95.6 MPH)
|
Batting: RHB Terry Boyle
|
0-0: Foul Ball, location: 2F 0-1: Ball 1-1: Fly out, F7 (Flyball, 78S, EV 93.1 MPH)
|
Batting: RHB Eduardo Sainz
|
0-0: Swinging Strike 0-1: DOUBLE (Flyball, 8LXD, EV 111.9 MPH) Cho-yun Yip scores
|
Batting: RHB Mack Bray
|
0-0: 2-RUN HOME RUN (Flyball, 78XD, EV 91.9 MPH), Distance : 420 ft
|
Pitching: LHP Diyaa Ababneh
|
|
Batting: LHB Hori Ikenaki
|
0-0: Ball 1-0: SINGLE (Line Drive, 4MD, EV 95.6 MPH)
|
Batting: RHB Ramón García
|
0-0: Ball 1-0: Fly out, F9 (Line Drive, 9, EV 90.6 MPH)
|
Top of the 3rd over - 3 runs, 4 hits, 0 errors, 1 left on base; Tacoma 8 - Casper 2 |
BOTTOM OF THE 3RD |
Casper Ghosts batting - Pitching for Tacoma Fur Traders : LHP Pedro Montáñez
|
Batting: RHB Thinley Tshering
|
0-0: Ball 1-0: Ball 2-0: Ball 3-0: Called Strike 3-1: Base on Balls
|
Batting: RHB Joe Havermeyer
|
0-0: Called Strike Thinley Tshering is caught stealing 2nd base 2-4 0-1: Fly out, F8 (Flyball, 89D, EV 89.4 MPH)
|
Batting: RHB Izaak Gerkis
|
0-0: Ball 1-0: Called Strike 1-1: Called Strike 1-2: Foul Ball, location: 2F 1-2: Ball 2-2: Fly out, F4 (Popup, 4M, EV 53.1 MPH)
|
Bottom of the 3rd over - 0 runs, 0 hits, 0 errors, 0 left on base; Tacoma 8 - Casper 2 |
TOP OF THE 4TH |
Tacoma Fur Traders batting - Pitching for Casper Ghosts : LHP Diyaa Ababneh
|
Batting: LHB Sam Bickerton
|
0-0: Called Strike 0-1: Ground out 4-3 (Groundball, 4, EV 103.8 MPH)
|
Batting: RHB Félix Olvera
|
0-0: Ball 1-0: Ground out 5-3 (Groundball, 5L, EV 83.1 MPH)
|
Pitching: RHP Foster Lang
|
|
Batting: LHB Cho-yun Yip
|
0-0: Called Strike 0-1: Foul Ball, location: 2F 0-2: Ball 1-2: Foul Ball, location: 2F 1-2: Strikes out swinging
|
Top of the 4th over - 0 runs, 0 hits, 0 errors, 0 left on base; Tacoma 8 - Casper 2 |
BOTTOM OF THE 4TH |
Casper Ghosts batting - Pitching for Tacoma Fur Traders : LHP Pedro Montáñez
|
Batting: RHB Ramiro Castillo
|
0-0: Foul Ball, location: 2F 0-1: Swinging Strike 0-2: SINGLE (Groundball, 4MD, EV 102.5 MPH)
|
Batting: RHB Thom Scribbner
|
0-0: Ball 1-0: Fly out, F5 (Popup, 56, EV 76.2 MPH)
|
Batting: RHB Ryung Jae-Wook
|
0-0: Ball 1-0: Ball 2-0: Ball 3-0: Called Strike 3-1: Base on Balls Ramiro Castillo to second
|
Batting: RHB Bogdan Lissenberg
|
0-0: Fly out, F8 (Flyball, 8LXD, EV 91.9 MPH) Runner from 2nd tags up, SAFE at 3rd, no throw by CF
|
Batting: LHB Qi-zhen Shen
|
0-0: Called Strike 0-1: Ball 1-1: Foul Ball, location: 2F 1-2: Ball Wild Pitch! Ramiro Castillo scores Ryung Jae-Wook to second 2-2: Ball 3-2: Foul Ball, location: 2F 3-2: Foul Ball, location: 2F 3-2: Foul Ball, location: 2F 3-2: Fly out, F8 (Flyball, 8LS, EV 83.8 MPH)
|
Bottom of the 4th over - 1 run, 1 hit, 0 errors, 1 left on base; Tacoma 8 - Casper 3 |
TOP OF THE 5TH |
Tacoma Fur Traders batting - Pitching for Casper Ghosts : RHP Foster Lang
|
Batting: RHB Axel Chicote
|
0-0: Called Strike 0-1: Swinging Strike 0-2: Ball 1-2: Ball 2-2: Foul Ball, location: 2F 2-2: Fly out, F7 (Flyball, 7, EV 78.1 MPH)
|
Batting: RHB Terry Boyle
|
0-0: Called Strike 0-1: Ball 1-1: Swinging Strike 1-2: Foul Ball, location: 2F 1-2: Ball 2-2: Strikes out swinging
|
Batting: RHB Eduardo Sainz
|
0-0: Called Strike 0-1: Foul Ball, location: 2F 0-2: DOUBLE (Line Drive, 7LM, EV 110.6 MPH)
|
Batting: RHB Mack Bray
|
0-0: Ball Wild Pitch! Eduardo Sainz to third 1-0: Ball 2-0: Ball 3-0: Called Strike 3-1: Called Strike 3-2: Strikes out swinging
|
Top of the 5th over - 0 runs, 1 hit, 0 errors, 1 left on base; Tacoma 8 - Casper 3 |
BOTTOM OF THE 5TH |
Casper Ghosts batting - Pitching for Tacoma Fur Traders : LHP Pedro Montáñez
|
Batting: RHB Teok-kyu Pak
|
0-0: Fly out, F5 (Popup, 5, EV 64.4 MPH)
|
Batting: RHB Thinley Tshering
|
0-0: Ball 1-0: Called Strike 1-1: SINGLE (Groundball, 56D, EV 105.0 MPH)
|
Batting: RHB Joe Havermeyer
|
0-0: Called Strike 0-1: Foul Ball, location: 2F 0-2: Ball 1-2: Ball 2-2: Fielders Choice at 2nd, 6-4 (Groundball, 6M, EV 100.6 MPH)
|
Batting: RHB Izaak Gerkis
|
0-0: Fly out, F7 (Flyball, 7S, EV 97.5 MPH)
|
Bottom of the 5th over - 0 runs, 1 hit, 0 errors, 1 left on base; Tacoma 8 - Casper 3 |
TOP OF THE 6TH |
Tacoma Fur Traders batting - Pitching for Casper Ghosts : RHP Foster Lang
|
Batting: LHB Hori Ikenaki
|
0-0: Ball 1-0: Foul Ball, location: 2F 1-1: Fly out, F7 (Flyball, 7LS, EV 90.0 MPH)
|
Batting: RHB Ramón García
|
0-0: Ground out 4-3 (Groundball, 4, EV 86.2 MPH)
|
Batting: LHB Sam Bickerton
|
0-0: Ball 1-0: Ground out 4-3 (Groundball, 4, EV 78.8 MPH)
|
Top of the 6th over - 0 runs, 0 hits, 0 errors, 0 left on base; Tacoma 8 - Casper 3 |
BOTTOM OF THE 6TH |
Casper Ghosts batting - Pitching for Tacoma Fur Traders : LHP Pedro Montáñez
|
Batting: RHB Ramiro Castillo
|
0-0: Ball 1-0: Called Strike 1-1: Swinging Strike 1-2: Ball 2-2: Ball 3-2: Base on Balls
|
Batting: RHB Thom Scribbner
|
0-0: Foul Ball, location: 2F 0-1: Called Strike 0-2: 2-RUN HOME RUN (Flyball, 78XD, EV 90.6 MPH), Distance : 425 ft
|
Pitching: RHP Pascal Durand
|
|
Batting: RHB Ryung Jae-Wook
|
0-0: Called Strike 0-1: Ball 1-1: Ball 2-1: Called Strike 2-2: Ball 3-2: Ground out 4-3 (Groundball, 4S, EV 88.8 MPH)
|
Batting: RHB Bogdan Lissenberg
|
0-0: Called Strike 0-1: Ball 1-1: Foul Ball, location: 2F 1-2: Foul Ball, location: 2F 1-2: Strikes out looking
|
Batting: LHB Qi-zhen Shen
|
0-0: Swinging Strike 0-1: Foul Ball, location: 2F 0-2: Foul Ball, location: 2F 0-2: Ground out 3-1 (Groundball, 3S, EV 81.9 MPH)
|
Bottom of the 6th over - 2 runs, 1 hit, 0 errors, 0 left on base; Tacoma 8 - Casper 5 |
TOP OF THE 7TH |
Tacoma Fur Traders batting - Pitching for Casper Ghosts : RHP Foster Lang
|
Batting: RHB Félix Olvera
|
0-0: Ball 1-0: Ball 2-0: Swinging Strike 2-1: Fly out, F8 (Line Drive, 8LD, EV 92.5 MPH)
|
Pitching: RHP Tony Wood
|
|
Batting: LHB Cho-yun Yip
|
0-0: Ball 1-0: Swinging Strike 1-1: Swinging Strike 1-2: Ball 2-2: Foul Ball, location: 2F 2-2: Strikes out swinging
|
Batting: RHB Axel Chicote
|
0-0: Called Strike 0-1: Called Strike 0-2: Ball 1-2: Ball 2-2: Fly out, F8 (Flyball, 8RM, EV 88.1 MPH)
|
Top of the 7th over - 0 runs, 0 hits, 0 errors, 0 left on base; Tacoma 8 - Casper 5 |
BOTTOM OF THE 7TH |
Casper Ghosts batting - Pitching for Tacoma Fur Traders : RHP Pascal Durand
|
Batting: RHB Teok-kyu Pak
|
0-0: Swinging Strike 0-1: Called Strike 0-2: Strikes out swinging
|
Batting: RHB Thinley Tshering
|
0-0: Foul Ball, location: 2F 0-1: SINGLE (Groundball, 5D, EV 110.6 MPH)
|
Batting: RHB Joe Havermeyer
|
0-0: Ball 1-0: SINGLE (Groundball, 34D, EV 99.4 MPH) Thinley Tshering to second Runner from 2nd tries for 3rd, SAFE, throw by RF made to third
|
Batting: RHB Izaak Gerkis
|
0-0: Ball Joe Havermeyer is caught stealing 2nd base 2-4 1-0: Called Strike 1-1: Ball 2-1: Foul Ball, location: 2F 2-2: Ball 3-2: Base on Balls
|
Batting: RHB Ramiro Castillo
|
0-0: Ball 1-0: Ball Passed Ball! Thinley Tshering scores Izaak Gerkis to second 2-0: Called Strike 2-1: Called Strike 2-2: SINGLE (Groundball, 34D, EV 99.4 MPH) Izaak Gerkis to third Runner from 3rd tries for Home, SAFE, throw by RF to home Ramiro Castillo to second
|
Batting: RHB Thom Scribbner
|
0-0: Fly out, F8 (Line Drive, 8LD, EV 98.8 MPH)
|
Bottom of the 7th over - 2 runs, 3 hits, 0 errors, 1 left on base; Tacoma 8 - Casper 7 |
TOP OF THE 8TH |
Tacoma Fur Traders batting - Pitching for Casper Ghosts : RHP Tony Wood
|
Batting: RHB Terry Boyle
|
0-0: Called Strike 0-1: Swinging Strike 0-2: Strikes out looking
|
Batting: RHB Eduardo Sainz
|
0-0: Ball 1-0: Ball 2-0: DOUBLE (Flyball, 8RXD, EV 85.0 MPH)
|
Batting: RHB Mack Bray
|
0-0: Swinging Strike 0-1: Called Strike 0-2: Ball 1-2: Strikes out swinging
|
Batting: LHB Hori Ikenaki
|
0-0: Fly out, F9 (Line Drive, 9D, EV 88.8 MPH)
|
Top of the 8th over - 0 runs, 1 hit, 0 errors, 1 left on base; Tacoma 8 - Casper 7 |
BOTTOM OF THE 8TH |
Casper Ghosts batting - Pitching for Tacoma Fur Traders : RHP Pascal Durand
|
Batting: RHB Ryung Jae-Wook
|
0-0: Swinging Strike 0-1: Called Strike 0-2: Ball 1-2: Strikes out swinging
|
Batting: RHB Bogdan Lissenberg
|
0-0: Ball 1-0: Ball 2-0: Ball 3-0: Base on Balls
|
Pitching: RHP Randy Keith
|
|
Batting: LHB Qi-zhen Shen
|
0-0: Ball 1-0: Swinging Strike 1-1: Swinging Strike 1-2: Ground out 4-3 (Groundball, 4, EV 83.8 MPH) Bogdan Lissenberg to second
|
Pinch Hitting: LHB General Booty
|
0-0: Swinging Strike 0-1: Ball 1-1: Foul Ball, location: 2F 1-2: Foul Ball, location: 2F 1-2: Strikes out swinging
|
Bottom of the 8th over - 0 runs, 0 hits, 0 errors, 1 left on base; Tacoma 8 - Casper 7 |
TOP OF THE 9TH |
Tacoma Fur Traders batting - Pitching for Casper Ghosts : RHP Tony Wood
|
Now at 2B: Bill Wells
|
|
Batting: RHB Ramón García
|
0-0: Ground out 5-3 (Groundball, 5L, EV 99.4 MPH)
|
Batting: LHB Sam Bickerton
|
0-0: Called Strike 0-1: Called Strike 0-2: Ball 1-2: Foul Ball, location: 2F 1-2: Ball 2-2: Ball 3-2: Foul Ball, location: 2F 3-2: Base on Balls
|
Batting: RHB Félix Olvera
|
0-0: Ball 1-0: Foul Ball, location: 2F 1-1: Ball 2-1: Fly out, F8 (Flyball, 8LXD, EV 92.5 MPH)
|
Batting: LHB Cho-yun Yip
|
0-0: Swinging Strike 0-1: Called Strike 0-2: Ball 1-2: Ball 2-2: Foul Ball, location: 2F 2-2: Foul Ball, location: 2F 2-2: Strikes out swinging
|
Top of the 9th over - 0 runs, 0 hits, 0 errors, 1 left on base; Tacoma 8 - Casper 7 |
BOTTOM OF THE 9TH |
Casper Ghosts batting - Pitching for Tacoma Fur Traders : RHP Randy Keith
|
Pitching: RHP Ricky Mina
|
|
Batting: RHB Thinley Tshering
|
0-0: Ground out 6-3 (Groundball, 56, EV 88.1 MPH)
|
Batting: RHB Joe Havermeyer
|
0-0: Called Strike 0-1: Swinging Strike 0-2: Ball 1-2: Strikes out looking
|
Batting: RHB Izaak Gerkis
|
0-0: Called Strike 0-1: Ball 1-1: Foul Ball, location: 2F 1-2: SINGLE (Groundball, 56, EV 101.9 MPH) (infield hit)
|
Batting: RHB Ramiro Castillo
|
0-0: Ball 1-0: Swinging Strike 1-1: Ball 2-1: Ball 3-1: Fly out, F4 (Popup, 34, EV 59.4 MPH)
|
Bottom of the 9th over - 0 runs, 1 hit, 0 errors, 1 left on base; Tacoma 8 - Casper 7 |
|